 Dungeon Crawl Stone Soup version 0.27-a0-1579-g97d2440184 (webtiles) character file.

Game seed: 13361295872099458029

313 SirFunk the Vexing (level 6, -4/28 HPs)
             Began as a Vine Stalker Enchanter on July 17, 2021.
             Slain by an ice beast (6 damage)
             ... on level 5 of the Dungeon.
             The game lasted 00:13:26 (3756 turns).

SirFunk the Vexing (Vine Stalker Enchanter)         Turns: 3756, Time: 00:13:27

Health: -4/28      AC:  2    Str: 11    XL:     6   Next: 43%
Magic:  0/13       EV: 12    Int: 23    God:
Gold:   119        SH:  0    Dex: 14    Spells: 4/13 levels left

rFire    . . .     SeeInvis .   a - +1 dagger
rCold    . . .     Faith    .   (no shield)
rNeg     . . .     Spirit   +   b - +0 robe
rPois    .         Reflect  .   (no helmet)
rElec    .         Harm     .   (no cloak)
rCorr    .         Rampage  .   (no gloves)
Will     .....                  (no boots)
Stlth    +++.......             (no amulet)
HPRegen  1.09/turn              o - +6 ring of intelligence
MPRegen  0.13/turn              (no ring)

@: no status effects
A: fangs 2, regeneration 1, magic shield, antimagic bite, no potion heal 2
a: no special abilities


You were on level 5 of the Dungeon.
You visited 1 branch of the dungeon, and saw 5 of its levels.

You collected 119 gold pieces.

Inventory:

Hand Weapons
 a - a +1 dagger (weapon)
Missiles
 e - 110 stones
Armour
 b - a +0 robe (worn)
Jewellery
 o - a +6 ring of intelligence (left hand)
 p - a ring of protection from fire
Wands
 j - a wand of acid (5)
Scrolls
 c - a scroll of blinking
 i - 2 scrolls of immolation
 k - a scroll of magic mapping {unknown}
 n - a scroll of noise {unknown}
 q - a scroll of fear {unknown}
Potions
 f - 2 potions of brilliance
 g - 2 potions of degeneration
 l - a potion of curing
 m - 3 potions of heal wounds


   Skills:
 + Level 0.2 Fighting
 + Level 1.0 Short Blades
 + Level 1.9 Dodging
 + Level 4.1 Stealth
 + Level 4.0 Spellcasting
 - Level 1.0 Conjurations
 - Level 5.0 Hexes
 - Level 2.0 Ice Magic


You had 4 spell levels left.
You knew the following spells:

 Your Spells              Type           Power      Damage    Failure   Level
a - Corona                Hex            30%        N/A       1%          1
b - Ensorcelled Hibernat  Hex/Ice        40%        N/A       3%          2
c - Confusing Touch       Hex            27%        N/A       4%          3
d - Dazzling Flash        Conj/Hex       36%        N/A       9%          3

Your spell library contained the following spells:

 Spells                   Type           Power      Damage    Failure   Level
 Tukima's Dance           Hex            27%        N/A       4%          3


Dungeon Overview and Level Annotations

Branches:
Dungeon (5/15)             Temple (0/1) D:5

Altars:
Ashenzari
Kikubaaqudgha
Sif Muna
Xom


Innate Abilities, Weirdness & Mutations

You have extremely sharp teeth.
Your natural rate of healing is unusually fast.
When hurt, damage is shared between your health and your magic reserves.
Your bite disrupts and absorbs the magic of your enemies.
Potions cannot restore your health.


Message History

Your hands begin to glow red.
You hit the ice beast but do no damage.
The ice beast appears confused.
You bite the ice beast. You drain its power.
You feel invigorated.
The ice beast is lightly wounded.
The ice beast barely misses you.
You hit the ice beast. Your bite misses the ice beast.
The ice beast is moderately wounded.
You hit the ice beast.
The ice beast is moderately wounded.
The ice beast hits you. The ice beast freezes you!
You hit the ice beast but do no damage. Your bite misses the ice beast.
The ice beast is moderately wounded.
A black bear comes into view.
The ice beast hits you. The ice beast freezes you.
You hit the ice beast. You bite the ice beast. You drain its power.
You feel invigorated.
The ice beast is heavily wounded.
The ice beast barely misses you.
You barely miss the ice beast.
The ice beast is moderately wounded.
The ice beast barely misses you.
Your magical contamination has completely faded away.
You hit the ice beast. Your bite misses the ice beast.
The ice beast is heavily wounded.
The black bear growls angrily.
The ice beast hits you. The ice beast freezes you!
You hit the ice beast but do no damage.
The ice beast is heavily wounded.
The ice beast barely misses you.
You hit the ice beast but do no damage.
You bite the ice beast, but do no damage.
The ice beast is heavily wounded.
The ice beast hits you. The ice beast freezes you!
* * * LOW HITPOINT WARNING * * *
You hit the ice beast but do no damage. Your bite misses the ice beast.
The ice beast is heavily wounded.
The ice beast hits you.
* * * LOW HITPOINT WARNING * * *
The ice beast freezes you.
You die...

#..##.###.....#
#..#..#......###
#..#............#
#.....#(.##......
###.#...#..##......
#...##.#.........##
##...........#....#
##........Y..##..#.
##........#@..##..
#..................
#........##...h....
##.##.....##.##.....
#..........#..####.#
.##...........### #
.......<.##....#
........###...##
......... #####


You could see a black bear and an ice beast (confused).

Vanquished Creatures
  An ice beast (D:5)
  A hound (D:3)
  2 iguanas
  An orc wizard (D:3)
  A howler monkey skeleton (D:4)
  5 adders
  A white imp (D:5)
  A dart slug (D:3)
  2 orcs (D:3)
  3 ball pythons
  4 bats
  10 endoplasms
  5 goblins
  6 hobgoblins
  3 jackals
  A quokka (D:1)
  3 frilled lizards
  5 kobolds
  3 rats
58 creatures vanquished.

Notes
Turn   | Place    | Note
-------+----------+-------------------------------------------
     0 | D:1      | SirFunk the Vine Stalker Enchanter began the quest for the
                  | Orb.
     0 | D:1      | Reached XP level 1. HP: 9/9 MP: 4/4
   246 | D:1      | Reached XP level 2. HP: 6/13 MP: 3/6
   612 | D:1      | Found a faded altar of an unknown god.
   982 | D:2      | Reached XP level 3. HP: 12/16 MP: 5/7
   985 | D:2      | Learned a level 2 spell: Ensorcelled Hibernation
   989 | D:2      | Learned a level 3 spell: Confusing Touch
  1428 | D:2      | Reached skill level 4 in Hexes
  1692 | D:3      | Reached skill level 1 in Ice Magic
  1692 | D:3      | Gained mutation: Your natural rate of healing is unusually
                  | fast. [Vine Stalker growth]
  1692 | D:3      | Reached XP level 4. HP: 21/21 MP: 9/9
  1696 | D:3      | Learned a level 3 spell: Dazzling Flash
  1748 | D:3      | Reached XP level 5. HP: 24/24 MP: 0/10
  2568 | D:4      | Found a broken altar of Ashenzari.
  2576 | D:4      | Found a shimmering altar of Xom.
  2866 | D:4      | Reached skill level 1 in Conjurations
  3397 | D:5      | Entered Level 5 of the Dungeon
  3397 | D:5      | Noticed an ice beast
  3405 | D:5      | Killed an ice beast
  3406 | D:5      | Reached skill level 5 in Hexes
  3406 | D:5      | Reached XP level 6. HP: 28/28 MP: 8/13
  3414 | D:5      | Reached skill level 1 in Short Blades
  3416 | D:5      | Found a staircase to the Ecumenical Temple.
  3559 | D:4      | Found an ancient bone altar of Kikubaaqudgha.
  3652 | D:4      | Found a shimmering blue altar of Sif Muna.
  3737 | D:5      | Noticed an ice beast
  3750 | D:5      | Noticed a black bear
  3756 | D:5      | Slain by an ice beast

Illustrated notes

Levels and vault maps discovered:
D:1:      doesnt_arrival_eight_statues, layout_rooms,
          dreamdust_ecumenical_altar_angels_and_demons
D:2:      cheibrodos_helix_gallery, layout_rooms
D:3:      layout_loops_ring
D:4:      layout_basic, mainiacjoe_overflow_tiny_flanked, tgw_sif,
          grunt_temple_overflow_open, kennysheep_generic_room_11
D:5:      layout_cave_pools, minmay_temple_entry_waves, uniq_blork_the_orc,
          uniq_crazy_yiuf_cottage

Skill      XL: |  1  2  3  4  5  6 |
---------------+-------------------+-----
Hexes          | 4 5 |  5.0
Spellcasting   | 3 4 |  4.0
Ice Magic      | 1 2 |  2.0
Conjurations   | 1 |  1.0
Stealth        | 4 |  4.1
Short Blades   | 1 |  1.0
Fighting       | |  0.2
Dodging        | |  1.9

Action                   |  1- 3 |  4- 6 || total
-------------------------+-------+-------++-------
Melee: Dagger            |    81 |    65 ||   146
       Bite              |    15 |    11 ||    26
 Cast: Corona            |     9 |     3 ||    12
       Ensorcelled Hiber |    10 |    23 ||    33
       Confusing Touch   |       |     2 ||     2
       Dazzling Flash    |       |     1 ||     1
  Use: Scroll            |       |     7 ||     7
 Stab: Sleeping          |    14 |    20 ||    34
       Confused          |       |     1 ||     1
       Invisible         |       |     1 ||     1
Armor: Robe              |    21 |    11 ||    32
Dodge: Dodged            |    57 |    32 ||    89

Table legend: (Time is in decaauts)
 A = Elapsed time spent in this place.
 B = Non-inter-level travel time spent in this place.
 C = Inter-level travel time spent in this place.
 D = Time resting spent in this place.
 E = Time spent auto-exploring this place.
 F = Levels seen in this place.
 G = Mean time per level.
                   A        B        C        D        E       F      G
               +--------+--------+--------+--------+--------+-----+--------+
         Total |   3758 |   3450 |    308 |    849 |   1556 |   5 |  751.6 |
       Dungeon |   3758 |   3450 |    308 |    849 |   1556 |   5 |  751.6 |
               +--------+--------+--------+--------+--------+-----+--------+

Top non-repeatable levels by time:
     D:4: 1286 daAuts
     D:1: 835 daAuts
     D:3: 803 daAuts
     D:2: 742 daAuts
     D:5: 90 daAuts
